 Dungeon Crawl Stone Soup version 0.27.1-1-g398f81649c (webtiles) character file.

Game seed: 6173756148338516565

416 MajorAdolf the Covered (level 6, -7/57 (61) HPs)
             Began as a Naga Wanderer on Sept 11, 2021.
             Mangled by a wight (9 damage)
             ... on level 4 of the Dungeon.
             The game lasted 00:05:46 (3994 turns).

MajorAdolf the Covered (Naga Wanderer)              Turns: 3994, Time: 00:05:47

HP:   -7/57 (61)    AC:  8    Str: 16    XL:     6   Next: 92%
MP:   6/6           EV:  7    Int: 19    God:
Gold: 1267          SH:  0    Dex: 10    Spells: 5/5 levels left

rFire    . . .     SeeInvis +   r - +5 halberd
rCold    . . .     Faith    .   (shield currently unavailable)
rNeg     . . .     Spirit   .   b - +2 scale mail
rPois    +         Reflect  .   (no helmet)
rElec    .         Harm     .   (no cloak)
rCorr    .         Rampage  .   (no gloves)
Will     .....                  (no barding)
Stlth    +.........             (no amulet)
HPRegen  0.19/turn              g - +6 ring of intelligence
MPRegen  0.10/turn              n - ring of wizardry

@: drained, very slow
A: AC +2, large, see invisible, deformed body, poison resistance, slowness 2,
spit poison 1, naga tail 1
a: Spit Poison


You were on level 4 of the Dungeon.
You visited 1 branch of the dungeon, and saw 4 of its levels.

You collected 1267 gold pieces.

Inventory:

Hand Weapons
 a - a +0 shortbow
 e - a +0 dagger
 i - a +0 whip of venom
 r - a +5 halberd (weapon)
Missiles
 c - 68 arrows
Armour
 b - a +2 scale mail (worn)
Jewellery
 g - a +6 ring of intelligence (left hand)
 m - a ring of willpower
 n - a ring of wizardry (right hand)
Wands
 s - a wand of flame (11)
Scrolls
 f - a scroll of identify
 k - a scroll of enchant weapon {unknown}
Potions
 d - 2 potions of lignification
 h - a potion of attraction
 j - a potion of resistance {unknown}
 l - 2 potions of flight
 o - a potion of magic {unknown}
 p - a potion of heal wounds {unknown}


   Skills:
 + Level 5.1 Fighting
 - Level 1.0 Maces & Flails
 - Level 1.0 Bows
 + Level 5.1 Armour
 + Level 0.8 Dodging
 - Level 3.0 Stealth


You had 5 spell levels left.
You didn't know any spells.
Your spell library contained the following spells:

 Spells                   Type           Power      Damage    Failure   Level
 Dazzling Flash           Conj/Hex       0%         N/A       58%         3
 Iskenderun's Mystic Bla  Conj/Tloc      0%         2d3       92%         4
 Starburst                Conj/Fire      0%         6d3       100%        6


Dungeon Overview and Level Annotations

Branches:
Dungeon (4/15)
 Temple: D:4-7

Altars:
Qazlal
Wu Jian

Annotations:
D:3 3 runed translucent doors, Rastanax's ghost, amateur KoAM


Innate Abilities, Weirdness & Mutations

Your serpentine skin is tough. (AC +2)
You have supernaturally acute eyesight. (SInv)
Armour fits poorly on your strangely shaped body.
Your system is resistant to poisons. (rPois)
You cover ground very slowly.
You can spit poison.
You have a snake-like lower body.


Message History

* * * LOW HITPOINT WARNING * * *
You feel drained.
* * * LOW HITPOINT WARNING * * *
You barely miss the wight.
The wight is lightly damaged.
The wight closely misses you. The wight barely misses you.
Unknown command.
You hit the wight.
The wight is heavily damaged.
The wight hits you with a +3 long sword.
* * * LOW HITPOINT WARNING * * *
Unknown command.
You closely miss the wight.
The wight is heavily damaged.
The wight hits you with a +3 long sword.
* * * LOW HITPOINT WARNING * * *
You feel drained.
The wight hits you with a +3 long sword.
* * * LOW HITPOINT WARNING * * *
You feel drained.
* * * LOW HITPOINT WARNING * * *
You barely miss the wight.
The wight is heavily damaged.
The wight barely misses you.
Unknown command.
You completely miss the wight.
The wight is heavily damaged.
The wight hits you but does no damage.
The wight hits you with a +3 long sword.
* * * LOW HITPOINT WARNING * * *
Unknown command.
You closely miss the wight.
The wight is heavily damaged.
The wight hits you with a +3 long sword.
* * * LOW HITPOINT WARNING * * *
Unknown command.
Your scale mail prevents you from hitting the wight.
The wight is heavily damaged.
The wight hits you with a +3 long sword!
You die...

#....##.....#.
#........#....
####........#....
............#.... ###
####......#...##.#. #!..
#...........†....#. #....
#.........#...#....
#.....#.........#...#....
#......z@.......#####....
.(.....##................
.......##.##.###.........
§§≈≈...#...#.###.........
...≈.z##...#.............
♣♣.≈..#.................
♣§§§.#.................
♣.≈§.#.................
#..............###


You could see a wight.

Vanquished Creatures
  Sigmund (D:3)
  2 wights (D:4)
  4 gnolls (D:3)
  4 adders
  2 worms (D:2)
  A dart slug (D:1)
  8 orcs
  8 ball pythons
  8 endoplasms
  2 giant cockroaches (D:3)
  6 goblins
  7 hobgoblins
  9 jackals
  2 quokkas
  4 bats
  3 frilled lizards
  10 kobolds
  A quokka skeleton (D:4)
  5 rats
87 creatures vanquished.

Notes
Turn   | Place    | Note
-------+----------+-------------------------------------------
     0 | D:1      | MajorAdolf the Naga Wanderer began the quest for the Orb.
     0 | D:1      | MajorAdolf set off with the following items: a +0 shortbow,
                  | a +2 scale mail, 30 arrows, a potion of lignification, a +0
                  | dagger
     0 | D:1      | Reached XP level 1. HP: 19/19 MP: 1/1
   168 | D:1      | Reached XP level 2. HP: 22/27 MP: 2/2
   302 | D:1      | You fall into a shaft and drop 1 floor!
   461 | D:2      | Reached XP level 3. HP: 22/33 MP: 3/3
  1743 | D:2      | Reached XP level 4. HP: 42/42 MP: 4/4
  2432 | D:3      | Found a faded altar of an unknown god.
  2582 | D:3      | Reached XP level 5. HP: 19/50 MP: 5/5
  2818 | D:3      | Found a runed translucent gate.
  2818 | D:3      | Found a runed translucent gate.
  2818 | D:3      | Found a runed translucent gate.
  2818 | D:3      | Noticed Rastanax's ghost (amateur KoAM)
  2819 | D:3      | Noticed a kobold brigand
  3127 | D:3      | Noticed Sigmund
  3153 | D:3      | Killed Sigmund
  3154 | D:3      | Reached skill level 5 in Armour
  3154 | D:3      | Reached XP level 6. HP: 29/60 MP: 6/6
  3419 | D:3      | Found an ornate altar of the Wu Jian Council.
  3654 | D:4      | Identified a scroll of acquirement
  3654 | D:4      | Acquired 1112 gold pieces
  3758 | D:4      | Found a stormy altar of Qazlal.
  3980 | D:4      | Reached skill level 5 in Fighting
  3993 | D:4      | HP: 2/57 [wight (3)]
  3994 | D:4      | Mangled by a wight

Illustrated notes

Levels and vault maps discovered:
D:1:      pf_arrival_petrified_forest, layout_basic
D:2:      minmay_kobold_bridge, layout_rooms, minmay_between
D:3:      layout_loops_cross, nicolae_wu_jian_immortal_techniques,
          hellmonk_ecumenical_altar_zigzags, gammafunk_ghost_nasty_kobolds,
          uniq_sigmund
D:4:      layout_basic, mainiacjoe_overflow_brackets, general_overflow_altar

Skill      XL: |  1  2  3  4  5  6 |
---------------+-------------------+-----
Fighting       | 3 4 5 |  5.1
Armour         | 4 5 |  5.1
Maces & Flails | |  1.0
Bows           | |  1.0
Dodging        | |  0.8
Stealth        | |  3.0

Action                   |  1- 3 |  4- 6 || total
-------------------------+-------+-------++-------
Melee: Dagger            |    56 |       ||    56
       Whip              |    81 |   164 ||   245
       Halberd           |       |    20 ||    20
 Abil: Spit Poison       |    17 |     3 ||    20
  Use: Scroll            |       |     6 ||     6
Armor: Scale mail        |    77 |    95 ||   172
Dodge: Dodged            |    57 |    70 ||   127
